 Dungeon Crawl Stone Soup version 0.18-a0-1799-g6250cb2 (webtiles) character file.

422 Gottschkopf the Blocker (level 6, -13/51 HPs)
             Began as a Minotaur Fighter on Apr 23, 2016.
             Was an Initiate of Trog.
             Mangled by Pikel
             ... wielding a +0 whip of electrocution
              (19 damage)
             ... on level 4 of the Dungeon.
             The game lasted 00:07:59 (2833 turns).

Gottschkopf the Blocker (Minotaur Fighter)          Turns: 2833, Time: 00:08:00

Health: -13/51     AC: 13    Str: 33    XL:     6   Next: 63%
Magic:  5/5        EV:  7    Int:  5    God:    Trog [......]
Gold:   56         SH: 12    Dex: 10    Spells: 0 memorised, 5 levels left

rFire  . . .     SeeInvis .     a - +0 long sword
rCold  . . .     Gourm    .     b - +0 chain mail
rNeg   . . .     Faith    .     c - +0 shield
rPois  .         Spirit   .     (helmet restricted)
rElec  .         Dismiss  .     t - +0 cloak
rCorr  .         Reflect  .     v - +1 pair of gloves
SustAt +         Harm     .     p - +0 pair of boots
MR     .....                    (no amulet)
Stlth  ..........               x - +6 ring of strength
                                s - ring of sustain attributes

@: mighty, not resistant to hostile enchantments, extremely unstealthy
A: retaliatory headbutt, horns 2
a: Burn Spellbooks, Renounce Religion


You were on level 4 of the Dungeon.
You worshipped Trog.
Trog was noncommittal.
You were not hungry.

You visited 1 branch of the dungeon, and saw 4 of its levels.

You collected 56 gold pieces.

Inventory:

Hand Weapons
 a - a +0 long sword (weapon)
Armour
 b - a +0 chain mail (worn)
 c - a +0 shield (worn)
 p - a +0 pair of boots (worn)
 t - a +0 cloak (worn)
 v - a +1 pair of gloves (worn)
 A - a +0 cloak
Jewellery
 s - a ring of sustain attributes (left hand)
 x - a +6 ring of strength (right hand)
 z - an uncursed ring of magical power
Wands
 G - a wand of random effects (36/48)
Scrolls
 e - a scroll of fear {unknown}
 h - 6 scrolls of identify {unknown}
 i - a scroll of enchant armour {unknown}
 j - 2 scrolls of noise {unknown}
 l - 2 scrolls of teleportation {unknown}
 m - 2 scrolls of enchant weapon {unknown}
 o - 5 scrolls of blinking {unknown}
 q - 2 scrolls of random uselessness {unknown}
 r - 2 scrolls of recharging {unknown}
 w - a scroll of fog {unknown}
 y - a scroll of remove curse {unknown}
 E - a scroll of magic mapping {unknown}
 F - a scroll of amnesia {unknown}
Potions
 k - 2 potions of berserk rage {unknown}
 n - a potion of haste {unknown}
 B - 2 potions of curing
 C - a potion of lignification {unknown}
 D - a potion of heal wounds {unknown}
Comestibles
 f - 3 bread rations
 g - 2 slices of pizza
 u - a meat ration
 H - 3 chunks of flesh


   Skills:
 - Level 3.6 Fighting
 - Level 2.4 Long Blades
 - Level 3.6 Armour
 * Level 9.1 Shields


You had 5 spell levels left.
You didn't know any spells.

Dungeon Overview and Level Annotations

Branches:
Dungeon (4/15)
 Temple: D:4-7

Altars:
Ashenzari
Elyvilon
Fedhas
Pakellas
Sif Muna
Trog
Xom

Annotations:
D:4 Pikel


Innate Abilities, Weirdness & Mutations

You reflexively headbutt those who attack you in melee.
You have a pair of horns on your head.


Message History

The slave hits you but does no damage. You block the slave's attack.
Pikel hits you but does no damage. The slave hits you.
* * * LOW HITPOINT WARNING * * *
The slave hits you.
* * * LOW HITPOINT WARNING * * *
You block the slave's attack. The slave hits you but does no damage.
Drink which item? (? for menu, Esc to quit)
You feel better. You block Pikel's attack.
The slave hits you but does no damage. x2; You block the slave's attack.
The slave hits you but does no damage.
Drink which item? (? for menu, Esc to quit)
You feel very mighty all of a sudden. Pikel hits you but does no damage.
You block the slave's attack. The slave hits you but does no damage.
The slave hits you.
* * * LOW HITPOINT WARNING * * *
The slave hits you but does no damage.
You miss Pikel.
Pikel is moderately wounded.
Pikel hits you but does no damage.
You are electrocuted!
You die...

.##................#
.....#####....###.## #.....#
#.....##.# #.....####...<.##.#
#.........#..#....########
####.....#...................
............................ ..
##......#.p.p......##.#.#..#
..##.........K@p...............
."........#.#.#p#......##.#.#...
.. .....#......o.......##.......
... #...#.#..................###
....#...#.#.#......##..####...'_
............#.#...............##
..........p......#.##...........
.....#..#K####........)).....#..
........#.#......[........#.....


You could see Pikel, 4 slaves and an orc.

Vanquished Creatures
  Sigmund (D:3)
  An iguana (D:4)
  2 orc wizards (D:4)
  Ijyb (D:3)
  Natasha (D:3)
  4 adders
  4 oozes
  2 worms
  A dart slug (D:1)
  2 giant geckos (D:3)
  5 orcs (D:4)
  2 giant cockroaches (D:2)
  6 goblins
  3 hobgoblins
  9 jackals
  A quokka (D:3)
  12 bats
  A giant newt (D:1)
  9 kobolds
  7 rats
74 creatures vanquished.

Notes
Turn   | Place    | Note
--------------------------------------------------------------
     0 | D:1      | Gottschkopf the Minotaur Fighter began the quest for the Orb.
     0 | D:1      | Reached XP level 1. HP: 19/19 MP: 0/0
   191 | D:1      | Reached skill level 4 in Shields
   200 | D:1      | Reached XP level 2. HP: 23/26 MP: 1/1
   677 | D:2      | Reached skill level 5 in Shields
   682 | D:2      | Reached XP level 3. HP: 31/31 MP: 2/2
   884 | D:2      | Found a blossoming altar of Fedhas.
  1445 | D:2      | Reached XP level 4. HP: 39/39 MP: 3/3
  1555 | D:2      | Reached skill level 6 in Shields
  1724 | D:3      | Found a shattered altar of Ashenzari.
  1744 | D:3      | Found an oddly glowing altar of Pakellas.
  1744 | D:3      | Found a deep blue altar of Sif Muna.
  1899 | D:3      | Noticed Ijyb
  1902 | D:3      | Found a white marble altar of Elyvilon.
  1918 | D:3      | Killed Ijyb
  1970 | D:3      | Noticed Sigmund
  1988 | D:3      | Killed Sigmund
  1988 | D:3      | Reached skill level 8 in Shields
  1988 | D:3      | Reached XP level 5. HP: 21/45 MP: 4/4
  1988 | D:3      | Reached XP level 6. HP: 23/51 MP: 5/5
  2446 | D:3      | Noticed Natasha
  2451 | D:3      | Killed Natasha
  2705 | D:4      | Found a shimmering altar of Xom.
  2726 | D:4      | Reached skill level 9 in Shields
  2754 | D:4      | Found a bloodstained altar of Trog.
  2757 | D:4      | Became a worshipper of Trog the Wrathful
  2805 | D:4      | Noticed a slave
  2806 | D:4      | Noticed a slave
  2806 | D:4      | Noticed a slave
  2807 | D:4      | Noticed a slave
  2808 | D:4      | Noticed Pikel
  2833 | D:4      | Mangled by Pikel

Vault maps used:
D:1:      minmay_arrival_split_and_join
D:2:      lemuel_coloured_pillars_altar, serial_park_tiny_2
D:3:      old_standard_altar, gammafunk_temple_overflow_forgotten, first_bread,
          minmay_misc_feat_rows, uniq_natasha, uniq_iyjb, uniq_sigmund
D:4:      xom_butterflies, kennysheep_mini,
          minmay_temple_entry_statues_fountains, led_xom_imps, uniq_pikel

Skill      XL: |  1  2  3  4  5  6 |
---------------+-------------------+-----
Shields        | 4 5 8 9 |  9.1
Fighting       | |  3.6
Long Blades    | |  2.4
Armour         | |  3.6

Action                   |  1- 3 |  4- 6 || total
-------------------------+-------+-------++-------
Melee: Long sword        |    97 |   100 ||   197
       Headbutt          |     7 |    20 ||    27
  Use: Potion            |       |     2 ||     2
  Eat: Chunk             |     2 |     4 ||     6
Armor: Scale mail        |    60 |     9 ||    69
       Chain mail        |       |    56 ||    56
Dodge: Dodged            |    38 |    28 ||    66
Block: Shield            |    77 |    75 ||   152
